 Dungeon Crawl Stone Soup version 0.30.0-30-g96aa6591b8 (webtiles) character file.

Game seed: 17682233498527695158

3048 coffeetime the Fighter (level 9, -29/83 HPs)
             Began as a Minotaur Fighter on June 28, 2023.
             Was a Believer of Makhleb.
             Annihilated by an orc knight
             ... wielding a +0 halberd
              (34 damage)
             ... in a bailey.
             The game lasted 00:21:48 (5448 turns).

coffeetime the Fighter (Minotaur Fighter)           Turns: 5448, Time: 00:21:48

Health: -29/83     AC:  9    Str: 23    XL:     9   Next: 57%
Magic:  10/10      EV: 11    Int:  5    God:    Makhleb [**....]
Gold:   468        SH:  5    Dex: 12    Spells: 8/8 levels left

rFire   . . .        r - +2 whip (drain)
rCold   . . .        c - +0 buckler
rNeg    . . .        b - +0 scale mail
rPois   .            (helmet restricted)
rElec   .            (no cloak)
rCorr   .            I - +0 pair of gloves
SInv    .            (no boots)
Will    +....        j - amulet of regeneration Stlth
                     l - ring of willpower
HPRegen 1.13/turn    (no ring)
MPRegen 0.12/turn

%: no passive effects
@: mighty
A: horns 2, retaliatory headbutt
a: Renounce Religion, Minor Destruction


You were in a bailey.
You worshipped Makhleb.
Makhleb was pleased with you.
You visited 2 branches of the dungeon, and saw 9 of its levels.
You also visited: Bailey.

You collected 468 gold pieces.

Inventory:

Hand Weapons
 a - a +0 trident
 k - a +0 sling
 m - a +1 dagger of electrocution
 r - a +2 whip of draining (weapon)
 v - a +3 whip of freezing
 D - a +0 whip of venom
 L - a +0 hand axe
Missiles
 e - 92 stones (quivered)
 t - 9 poisoned darts
 J - 3 atropa-tipped darts
Armour
 b - a +0 scale mail (worn)
 c - a +0 buckler (worn)
 I - a +0 pair of gloves (worn)
Jewellery
 i - an amulet of magic regeneration
 j - an amulet of regeneration (around neck)
 l - a ring of willpower (left hand)
Wands
 A - a wand of acid (5)
 B - a wand of charming (13)
 K - a wand of flame (19)
Scrolls
 p - a scroll of torment {unknown}
 u - 4 scrolls of enchant weapon
 x - 2 scrolls of teleportation {unknown}
 y - a scroll of blinking
 z - 2 scrolls of poison {unknown}
 E - a scroll of vulnerability {unknown}
 G - 2 scrolls of magic mapping {unknown}
Potions
 f - a potion of degeneration {unknown}
 h - a potion of lignification {unknown}
 n - a potion of cancellation {unknown}
 o - a potion of berserk rage
 s - a potion of attraction {unknown}
 w - 2 potions of resistance {unknown}
 C - 2 potions of ambrosia {unknown}
 F - 2 potions of brilliance {unknown}
 H - 3 potions of haste {unknown}
 M - a potion of magic {unknown}
 N - a potion of mutation {unknown}
 O - a potion of invisibility {unknown}


   Skills:
 * Level 9.2 Fighting
 - Level 5.3 Maces & Flails
 - Level 3.3 Polearms
 + Level 0.4 Ranged Weapons
 + Level 9.1 Armour
 + Level 4.2 Dodging
 + Level 1.0 Stealth
 + Level 6.6 Shields
 - Level 3.1 Invocations
 * Level 1.3 Evocations


You had 8 spell levels left.
You didn't know any spells.
Your spell library contained the following spells:

 Spells                   Type           Power      Damage    Failure   Level
 Magic Dart               Conj           0%         1d3       80%         1
 Sting                    Tmut/Pois      0%         1d3       80%         1
 Ensorcelled Hibernation  Hex/Ice        0%         N/A       91%         2
 Passwall                 Tmut/Erth      0%         N/A       91%         2
 Poisonous Vapours        Pois/Air       0%         N/A       91%         2
 Searing Ray              Conj           0%         2d4       91%         2
 Hailstorm                Conj/Ice       0%         3d3       99%         3
 Ignite Poison            Fire/Tmut/Pois 0%         N/A       99%         3
 Ozocubu's Armour         Ice            0%         N/A       99%         3
 Swiftness                Air            0%         N/A       99%         3
 Vhi's Electric Charge    Tloc/Air       0%         N/A       99%         3
 Fulminant Prism          Conj/Hex       0%         3d5       100%        4
 Ice Form                 Ice/Tmut       0%         N/A       100%        4
 Olgreb's Toxic Radiance  Pois           0%         N/A       100%        4
 Sticky Flame             Conj/Fire      0%         2d3       100%        4
 Summon Lightning Spire   Summ/Air       0%         N/A       100%        4
 Arcjolt                  Conj/Air       0%         1d10      100%        5
 Plasma Beam              Fire/Air       0%         2x1d11    100%        6
 Simulacrum               Ice/Necr       0%         N/A       100%        6
 Ozocubu's Refrigeration  Ice            0%         4d7       100%        7
 Storm Form               Tmut/Air       0%         N/A       100%        7
 Ignition                 Fire           0%         3d3       100%        8
 Maxwell's Capacitive Co  Air            0%         ∞         100%        8


Dungeon Overview and Level Annotations

Branches:
Dungeon (8/15)             Temple (1/1) D:5          Bailey (1/1)
   Lair: D:8-11

Altars:
Elyvilon
Fedhas
Hepliaklqana
Kikubaaqudgha
Makhleb
Nemelex Xobeh
Okawaru
Ru
Sif Muna
Trog
Uskayaw
Vehumet
Wu Jian
Xom
Zin
The Shining One

Shops:
D:4 :   D:6 *   D:7 [


Innate Abilities, Weirdness & Mutations

You have a pair of horns on your head.
You reflexively headbutt those who attack you in melee.


Message History

The orc knight is moderately wounded.
You block the orc knight's attack. The orc knight barely misses you.
You hit the orc knight. You drain the orc knight.
The orc knight is heavily wounded.
The orc knight roars a battlecry!
The orc knight goes into a battle-frenzy!
The orc knight hits you with a +0 halberd!!
You barely miss the orc knight. You headbutt the orc knight!
The orc knight is severely wounded.
The orc knight hits you from afar with a +0 trident!
* * * LOW HITPOINT WARNING * * *
The orc knight hits you with a +0 halberd!
* * * LOW HITPOINT WARNING * * *
Blink to where?
Press: ? - help, Dir - move target, p - orc knight
As you read the scroll of blinking, it crumbles to dust.
You feel much better.
You feel much better.
You feel a little less mighty now.
You feel very mighty all of a sudden.
An orc warrior comes into view. It is wielding a +0 glaive.
The orc knight hits you from afar with a +0 trident!!
The orc knight hits you with a +0 trident!!
* * * LOW HITPOINT WARNING * * *
The orc knight hits you but does no damage.
The orc knight roars a battlecry!
The orc warrior goes into a battle-frenzy!
You hit the orc knight but do no damage.
The orc knight is severely wounded.
The orc knight hits you from afar with a +0 trident!!
* * * LOW HITPOINT WARNING * * *
The orc warrior barely misses you. You block the orc knight's attack.
The orc warrior shouts!
You whack the orc knight! Your headbutt misses the orc knight.
The orc knight is almost dead.
You closely miss the orc knight. Your headbutt misses the orc knight.
The orc knight is almost dead.
You block the orc knight's attack. The orc warrior barely misses you.
The orc knight hits you with a +0 halberd!!
You die...

#o......#
#.......#
#...o...#
#..#.#..#
#.......#
##.....##
##''o##
#.....#
#.o.@.#
#..o..#
#.....#
#.....#
##'''##
##.....##
#.......#
#.)..)..#
#..#.#..#


You could see 2 orc knights and 2 orc warriors.

Vanquished Creatures
  5 orc warriors
  3 black bears
  A sky beast (D:6)
  3 ice beasts (D:6)
  2 ogres
  2 centaurs
  A bullfrog (D:5)
  A gnoll sergeant (D:5)
  3 scorpions
  4 killer bees (D:6)
  3 howler monkeys (D:8)
  A jelly (D:7)
  8 orc priests
  4 hounds
  A gnoll bouda (D:4)
  2 sleepcaps (D:5)
  Jessica (D:3)
  Ijyb (D:5)
  Terence (D:3)
  2 iguanas (D:5)
  5 orc wizards
  10 gnolls
  6 adders
  2 white imps
  An ufetubus (D:5)
  3 worms
  3 dart slugs
  43 orcs
  12 ball pythons
  7 endoplasms
  A giant cockroach (D:1)
  4 hobgoblins
  6 kobolds
  2 quokkas
  5 bats
  4 frilled lizards
  4 goblins (D:1)
  6 rats
173 creatures vanquished.

Vanquished Creatures (others)
  An orc (Bailey)
1 creature vanquished.

Grand Total: 174 creatures vanquished

Notes
Turn   | Place    | Note
-------+----------+-------------------------------------------
     0 | D:1      | coffeetime the Minotaur Fighter began the quest for the
                  | Orb.
     0 | D:1      | Reached XP level 1. HP: 19/19 MP: 0/0
    99 | D:1      | Reached XP level 2. HP: 27/27 MP: 1/1
   328 | D:1      | Reached XP level 3. HP: 31/33 MP: 2/2
   791 | D:2      | Found a faded altar of an unknown god.
  1054 | D:2      | Reached XP level 4. HP: 41/41 MP: 3/3
  1298 | D:3      | Noticed Terence
  1314 | D:3      | Killed Terence
  1356 | D:3      | Noticed Jessica
  1362 | D:3      | Killed Jessica
  1363 | D:3      | Reached skill level 5 in Armour
  1363 | D:3      | Reached skill level 1 in Dodging
  1363 | D:3      | Reached XP level 5. HP: 41/47 MP: 4/4
  1517 | D:3      | Noticed an ogre
  1624 | D:4      | Found a sacrificial altar of Ru.
  1624 | D:4      | Found a sparkling altar of Nemelex Xobeh.
  1624 | D:4      | Found a burning altar of Makhleb.
  1632 | D:4      | Became a worshipper of Makhleb the Destroyer
  1836 | D:4      | Reached skill level 1 in Maces & Flails
  1892 | D:4      | Found Ixai's Tremendous Tomes.
  2094 | D:5      | Entered Level 5 of the Dungeon
  2106 | D:5      | Reached XP level 6. HP: 55/55 MP: 5/5
  2123 | D:5      | Reached skill level 5 in Fighting
  2424 | D:5      | Reached XP level 7. HP: 61/61 MP: 6/6
  2504 | D:5      | Reached * piety under Makhleb
  2537 | D:5      | Reached skill level 5 in Maces & Flails
  2581 | D:5      | Found a staircase to the Ecumenical Temple.
  2634 | Temple   | Entered the Ecumenical Temple
  2683 | D:5      | Reached skill level 5 in Shields
  2732 | D:5      | Noticed Ijyb
  2744 | D:5      | Killed Ijyb
  2748 | D:5      | Reached skill level 1 in Invocations
  2748 | D:5      | Reached XP level 8. HP: 70/70 MP: 7/7
  2751 | D:5      | Found a blossoming altar of Fedhas.
  3350 | D:6      | Found a radiant altar of Vehumet.
  3608 | D:6      | Reached ** piety under Makhleb
  3685 | D:6      | Found Zin's Purification Station.
  3686 | D:6      | Found a glowing silver altar of Zin.
  3943 | D:6      | Reached XP level 9. HP: 79/79 MP: 10/10
  4389 | D:7      | Found Wogiokea's Armour Emporium.
  4453 | D:7      | Found an ornate altar of the Wu Jian Council.
  5103 | D:8      | Found a flagged portal.
  5112 | Bailey   | Entered a bailey
  5252 | Bailey   | Reached skill level 1 in Stealth
  5252 | Bailey   | Reached skill level 1 in Evocations
  5276 | Bailey   | Noticed an orc knight
  5392 | Bailey   | Noticed an orc knight
  5392 | Bailey   | Noticed an orc knight
  5446 | Bailey   | HP: 3/83 [orc knight/+0 trident (20)]
  5448 | Bailey   | Annihilated by an orc knight

Illustrated notes

Levels and vault maps discovered:
D:1:      heliophobic_arrival_battle_scene, layout_rooms
D:2:      minmay_chambers_of_ones, layout_loops_ring,
          ebering_ecumenical_altar_hall
D:3:      layout_basic, uniq_terence, uniq_jessica
D:4:      layout_cave_pools, gammafunk_temple_overflow_forgotten,
          nicolae_shop_i_like_big_books
D:5:      layout_basic, mainiacjoe_overflow_small_starburst,
          minmay_temple_entry_statues_fountains, uniq_ijyb
D:6:      layout_loops_ring, zin_purify, nicolae_vehumet_altar_sigil
D:7:      layout_basic, amcnicky_altar_gilded, serial_shops,
          nicolae_shop_tiny_waterfront, nrook_loot_triangle
D:8:      layout_layer_cave, enter_bailey_6
Temple:   eino_wide_crystal_templ
Bailey:   bailey_polearm_5, bailey

Skill      XL: |  1  2  3  4  5  6  7  8  9 |
---------------+----------------------------+-----
Fighting       | 4 5 6 7 9 |  9.2
Armour         | 4 5 6 8 9 |  9.1
Polearms       | 3 |  3.3
Shields        | 4 5 6 |  6.6
Dodging        | 1 2 3 4 |  4.2
Maces & Flails | 1 4 5 |  5.3
Invocations    | 1 3 |  3.1
Stealth        | 1 |  1.0
Evocations     | 1 |  1.3
Ranged Weapons | |  0.4

Action                     |  1- 3 |  4- 6 |  7- 9 || total
---------------------------+-------+-------+-------++-------
  Melee: Trident           |    96 |       |       ||    96
         Headbutt          |     7 |    32 |    70 ||   109
         Whip              |     3 |   136 |   317 ||   456
   Fire: Sling             |       |     2 |       ||     2
  Throw: Stone             |       |       |     1 ||     1
  Evoke: Wand              |       |       |     3 ||     3
    Use: Scroll            |       |     6 |     2 ||     8
         Potion            |       |       |     4 ||     4
 Armour: Scale mail        |    29 |    42 |    89 ||   160
  Dodge: Dodged            |    27 |    73 |   136 ||   236
  Block: Buckler           |    13 |    27 |    93 ||   133
